 Dungeon Crawl Stone Soup version 0.27-a0-46-g34d46f0a3f (webtiles) character file.

Game seed: 3429719920934560964

126 Borgoz the Covered (level 5, -1/36 HPs)
             Began as a Halfling Fighter on Jan 7, 2021.
             Slain by Sigmund
             ... wielding a +2 scythe of protection
              (10 damage)
             ... on level 3 of the Dungeon.
             The game lasted 00:02:49 (2706 turns).

Borgoz the Covered (Halfling Fighter)               Turns: 2706, Time: 00:02:50

Health: -1/36      AC:  7    Str: 18    XL:     5   Next: 31%
Magic:  5/5        EV: 11    Int:  6    God:
Gold:   118        SH:  0    Dex: 14    Spells: 4/4 levels left

rFire    . . .     SeeInvis +   a - +1 long sword
rCold    . . .     Faith    .   j - +0 buckler
rNeg     . . .     Spirit   .   m - +0 scale mail
rPois    .         Reflect  .   (no helmet)
rElec    .         Harm     .   (no cloak)
rCorr    .         Rampage  .   (no gloves)
Will     .....                  (no boots)
Stlth    ..........             (no amulet)
HPRegen  0.12/turn              e - ring of see invisible
MPRegen  0.09/turn              n - ring of attention (curse)

@: confused
A: small, mutation resistance 1
a: no special abilities


You were on level 3 of the Dungeon.
You visited 1 branch of the dungeon, and saw 3 of its levels.

You collected 118 gold pieces.

Inventory:

Hand Weapons
 a - a +1 long sword (weapon)
 b - a +2 dagger of venom
Armour
 c - a +0 kite shield
 j - a +0 buckler (worn)
 m - a +0 scale mail (worn)
Jewellery
 e - a ring of see invisible (left hand)
 n - a cursed ring of attention (right hand)
Scrolls
 g - a scroll of remove curse
 i - a scroll of fog
 p - a scroll of blinking
Potions
 d - a potion of might
 f - 2 potions of curing
 h - 2 potions of ambrosia {unknown}
 k - a potion of haste {unknown}
 l - a potion of brilliance {unknown}
 o - 2 potions of heal wounds {unknown}


   Skills:
 * Level 3.6 Fighting
 * Level 3.3 Long Blades
 + Level 3.9 Armour
 + Level 3.9 Shields


You had 4 spell levels left.
You didn't know any spells.
Your spell library was empty.

Dungeon Overview and Level Annotations

Branches:
Dungeon (3/15)

Altars:
Kikubaaqudgha

Annotations:
D:3 Sigmund


Innate Abilities, Weirdness & Mutations

You are small and have problems with some larger weapons.
You are somewhat resistant to further mutation.


Message History

You hit Sigmund.
Sigmund is almost dead.
You block Sigmund's attack.
You closely miss Sigmund.
Sigmund is almost dead.
Sigmund casts a spell at you. The puff of flame hits you.
* * * LOW HITPOINT WARNING * * *
You hit Sigmund but do no damage.
Sigmund is almost dead.
You block Sigmund's attack.
You hit Sigmund but do no damage.
Sigmund is almost dead.
Sigmund says, "I'm your fate." Sigmund casts a spell at you.
You are confused.
You barely miss Sigmund.
Sigmund is almost dead.
Sigmund hits you with a +2 scythe of protection!
You die...

## ... ##. ... #..#.. #.
#.... #. #.#.#
#.##.#.###.#...
#.#....@@w......
#......###.#...#
#..........#...#
##..†..###.#...### ###
###.....## #.#(.... ..
#...##.#####......# #.
###.#.##.#...#.#..#.## #.
#..............#.....######≈
#.#..#....#........#.......≈


You could see Sigmund (invisible) and a worm.

Vanquished Creatures
  Jessica (D:2)
  2 adders
  2 worms (D:2)
  A dart slug (D:1)
  A leopard gecko (D:1)
  4 orcs (D:3)
  2 ball pythons (D:1)
  4 bats
  5 giant cockroaches
  11 goblins
  10 hobgoblins
  2 quokkas
  4 frilled lizards
  9 kobolds
  5 rats
63 creatures vanquished.

Notes
Turn   | Place    | Note
-------+----------+-------------------------------------------
     0 | D:1      | Borgoz the Halfling Fighter began the quest for the Orb.
     0 | D:1      | Reached XP level 1. HP: 15/15 MP: 1/1
   127 | D:1      | Reached XP level 2. HP: 20/20 MP: 2/2
   419 | D:1      | Reached XP level 3. HP: 25/26 MP: 3/3
  1211 | D:2      | Reached XP level 4. HP: 31/31 MP: 4/4
  1502 | D:2      | Noticed Jessica
  1509 | D:2      | Killed Jessica
  2286 | D:3      | Reached XP level 5. HP: 33/36 MP: 5/5
  2380 | D:3      | Found a faded altar of an unknown god.
  2548 | D:3      | Found an ancient bone altar of Kikubaaqudgha.
  2681 | D:3      | Noticed Sigmund
  2706 | D:3      | Slain by Sigmund

Illustrated notes

Levels and vault maps discovered:
D:1:      dpeg_arrival_prison, layout_basic
D:2:      minmay_door_path, layout_basic, uniq_jessica
D:3:      layout_loops_ring, overflow_temple_1_default, serial_rivers,
          chequers_serial_rivers_micro_e, chequers_serial_rivers_small_b,
          chequers_serial_rivers_small_b, chequers_serial_rivers_small_3,
          chequers_ecumenical_altar_island, minmay_misc_feat_iff, uniq_robin,
          uniq_sigmund, uniq_natasha

Skill      XL: |  1  2  3  4 |
---------------+-------------+-----
Fighting       | 3 |  3.6
Long Blades    | 3 |  3.3
Armour         | |  3.9
Shields        | |  3.9

Action                   |  1- 3 |  4- 6 || total
-------------------------+-------+-------++-------
Melee: Long sword        |    83 |   105 ||   188
  Use: Scroll            |       |     5 ||     5
       Potion            |       |     1 ||     1
Armor: Scale mail        |    38 |    34 ||    72
Dodge: Dodged            |    39 |    58 ||    97
Block: Kite shield       |    37 |       ||    37
       Buckler           |     6 |    41 ||    47
       Rpst.: Long sword |    11 |    19 ||    30

Table legend: (Time is in decaauts)
 A = Elapsed time spent in this place.
 B = Non-inter-level travel time spent in this place.
 C = Inter-level travel time spent in this place.
 D = Time resting spent in this place.
 E = Time spent auto-exploring this place.
 F = Levels seen in this place.
 G = Mean time per level.
                   A        B        C        D        E       F      G
               +--------+--------+--------+--------+--------+-----+--------+
         Total |   2761 |   2731 |     30 |    394 |   1876 |   3 |  920.3 |
       Dungeon |   2761 |   2731 |     30 |    394 |   1876 |   3 |  920.3 |
               +--------+--------+--------+--------+--------+-----+--------+

Top non-repeatable levels by time:
     D:2: 1412 daAuts
     D:1: 888 daAuts
     D:3: 460 daAuts
